 Dungeon Crawl Stone Soup version 0.29.1-13-g9f3cf754e1 (webtiles) character file.

Game seed: 4287733947261898490

833 growler the Insei (level 7, -2/43 HPs)
             Began as an Octopode Transmuter on Jan 21, 2023.
             Splashed by a jelly's acid (6 damage)
             ... on level 4 of the Dungeon.
             The game lasted 00:15:16 (6193 turns).

growler the Insei (Octopode Transmuter)             Turns: 6193, Time: 00:15:17

Health: -2/43      AC: -7    Str: 11    XL:     7   Next: 98%
Magic:  12/13      EV: 13    Int: 15    God:
Gold:   249        SH:  0    Dex: 13    Spells: 10/14 levels left

rFire   . . .      SeeInvis .     - Unarmed
rCold   . . .      Faith    .   (no shield)
rNeg    . . .      Spirit   .   (helmet currently unavailable)
rPois   .          Reflect  .   (no amulet)
rElec   .          Harm     .   (no ring)
rCorr   .          Rampage  .   (no ring)
Will    .....                   (no ring)
Stlth   ++........              (no ring)
HPRegen 0.14/turn               (no ring)
MPRegen 0.13/turn               (no ring)
                                (no ring)
                                (no ring)

@: appendages, corroded
A: tentacle spike 3, almost no armour, amphibious, 8 rings, camouflage 1,
gelatinous body 1, (nimble swimmer 1), tentacles
a: End Transformation


You were on level 4 of the Dungeon.
One of your tentacles had grown a beastly spike.
You visited 1 branch of the dungeon, and saw 4 of its levels.
You also visited: Ossuary.

You collected 249 gold pieces.

Inventory:

Hand Weapons
 c - a +2 dagger of protection
Missiles
 d - 10 poisoned darts (quivered)
Wands
 i - a wand of polymorph (15)
Scrolls
 b - a scroll of summoning {unknown}
 e - 2 scrolls of noise {unknown}
 g - 5 scrolls of identify {unknown}
 j - 2 scrolls of blinking {unknown}
 k - a scroll of teleportation {unknown}
 m - a scroll of enchant weapon {unknown}
 o - a scroll of amnesia {unknown}
 s - a scroll of immolation {unknown}
 u - 2 scrolls of fear {unknown}
Potions
 a - a potion of lignification
 f - 4 potions of might
 h - a potion of attraction
 l - 2 potions of heal wounds {unknown}
 n - 2 potions of degeneration {unknown}
 p - a potion of flight {unknown}
 q - 2 potions of curing {unknown}
 r - a potion of brilliance {unknown}
 t - 2 potions of resistance {unknown}


   Skills:
 - Level 1.0 Fighting
 - Level 2.0 Dodging
 * Level 7.0 Unarmed Combat
 - Level 4.0 Spellcasting
 + Level 4.8 Transmutations


You had 10 spell levels left.
You knew the following spells:

 Your Spells              Type           Power      Damage    Failure   Level
a - Beastly Appendage     Tmut           34%        N/A       2%          1
b - Spider Form           Tmut/Pois      10%        N/A       21%         3

Your spell library contained the following spells:

 Spells                   Type           Power      Damage    Failure   Level
 Wereblood                Tmut           17%        N/A       3%          2
 Ice Form                 Ice/Tmut       10%        N/A       54%         4


Dungeon Overview and Level Annotations

Branches:
Dungeon (4/15)            Ossuary (visited)
 Temple: D:4-7

Altars:
Dithmenos
Makhleb
Sif Muna

Shops:
D:1 (

Annotations:
D:4 Sigmund


Innate Abilities, Weirdness & Mutations

One of your tentacles has grown a beastly spike.
You cannot wear most types of armour.
You are amphibious.
You can wear up to eight rings at the same time.
Your skin changes colour to match your surroundings (Stealth+).
Your rubbery body absorbs attacks. (AC +1, EV +1)
((You are camouflaged when in or above water. (Stealth+)))
You have tentacles for arms and can constrict up to eight enemies at once.


Message History

There is a collapsed entrance here.
You see here a +0 chain mail.
Found a shadowy altar of Dithmenos.
Found a robe.
Found 6 stones.
Found a stone staircase leading down.
i - a wand of polymorph (15) (gained 11 charges)
There is a stone staircase leading down here.
A giant cockroach comes into view.
You tentacle-slap the giant cockroach but do no damage.
You grab the giant cockroach. You tentacle-slap the giant cockroach.
You kill the giant cockroach!
No target in view!
Found a stone staircase leading down.
A jelly comes into view.
A jelly is nearby!
The jelly quivers.
The jelly hits you.
You are splashed with acid!
Casting: Beastly Appendage (safe; 2% risk of failure)
Confirm with . or Enter, or press ? or * to list all spells.
One of your tentacles grows a vicious spike.
The jelly hits you. The acid corrodes you!
You are splashed with acid!
You are too injured to fight recklessly!
You are too injured to fight recklessly!
You are too injured to fight recklessly!
You are too injured to fight recklessly!
You are too injured to fight recklessly!
You barely miss the jelly. The jelly closely misses you.
You tentacle-slap the jelly. The acid corrodes you!
Your tentacles burn!
You squeeze the jelly, but do no damage.
The jelly is moderately wounded.
The jelly hits you.
You are splashed with acid!
* * * LOW HITPOINT WARNING * * *
You bludgeon the jelly! The acid corrodes you!
Your tentacles burn!
* * * LOW HITPOINT WARNING * * *
The jelly is almost dead.
The jelly hits you.
* * * LOW HITPOINT WARNING * * *
You are splashed with acid.
You die...

..# #..#.###.##.... ..#
#.............> ..#
####.##.###.##.#.. ..) #.....#.#
#.##.#.. ..@...... #.....#.#
#.##.#.. ....... #.....#.#
#.##.##. ##....... #.....#.#
#.##.#.. #........ #.....#..
..##.#.. #........
#@.............#..
#..............J....?.........#..
#.........####.########### #.#
#.# #. #. #.# # #. #.# ..# ..#
#.#


You could see a jelly.

Vanquished Creatures
  6 elf zombies (Ossuary)
  Blork the orc (D:4)
  A centaur zombie (Ossuary)
  2 human zombies (Ossuary)
  Ijyb (D:3)
  Natasha (thrice) (D:2)
  3 mummies (Ossuary)
  2 gnolls
  4 adders (D:2)
  2 dart slugs
  2 worms
  5 ball pythons
  4 bats
  5 endoplasms
  4 giant cockroaches
  6 goblins
  10 hobgoblins
  A jackal (D:2)
  2 quokkas (D:3)
  6 frilled lizards
  8 kobolds
  5 rats
83 creatures vanquished.

Vanquished Creatures (others)
  A plant (D:1)
1 creature vanquished.

Grand Total: 84 creatures vanquished

Notes
Turn   | Place    | Note
-------+----------+-------------------------------------------
     0 | D:1      | growler the Octopode Transmuter began the quest for the
                  | Orb.
     0 | D:1      | Reached XP level 1. HP: 13/13 MP: 3/3
   415 | D:1      | Reached XP level 2. HP: 18/18 MP: 5/5
   600 | D:1      | Found Bosofyemp's Antique Weapon Shoppe.
  1011 | D:1      | Reached XP level 3. HP: 12/23 MP: 3/6
  1316 | D:1      | Found a faded altar of an unknown god.
  1517 | D:2      | Noticed Natasha
  1526 | D:2      | Killed Natasha
  1772 | D:2      | Reached skill level 4 in Unarmed Combat
  1839 | D:2      | Reached XP level 4. HP: 28/28 MP: 5/7
  1856 | D:2      | Noticed Natasha
  1865 | D:2      | Killed Natasha
  2378 | D:2      | Reached XP level 5. HP: 30/33 MP: 9/9
  2686 | D:2      | Noticed Natasha
  2692 | D:2      | Killed Natasha
  3343 | D:2      | Learned a level 3 spell: Spider Form
  3440 | D:3      | Identified the +1 leather armour of the Several Gods
                  | {rCorr}
  3463 | D:3      | Found a faded altar of an unknown god.
  3467 | D:3      | Found a burning altar of Makhleb.
  3503 | D:3      | Noticed Ijyb
  3510 | D:3      | Killed Ijyb
  3806 | D:3      | Reached skill level 5 in Unarmed Combat
  4080 | D:3      | Reached XP level 6. HP: 38/38 MP: 8/10
  4517 | D:4      | Found a shimmering blue altar of Sif Muna.
  4540 | D:4      | Noticed Sigmund
  4581 | D:4      | Noticed Blork the orc
  4590 | D:4      | Killed Blork the orc
  4742 | D:4      | Found a sand-covered staircase.
  4755 | Ossuary  | Entered an ossuary
  4809 | Ossuary  | Reached XP level 7. HP: 21/43 MP: 12/12
  4982 | Ossuary  | Reached skill level 6 in Unarmed Combat
  5739 | Ossuary  | Reached skill level 7 in Unarmed Combat
  6088 | D:4      | Found a shadowy altar of Dithmenos.
  6193 | D:4      | Splashed by a jelly's acid

Illustrated notes

Levels and vault maps discovered:
D:1:      minmay_arrival_up_and_down, layout_loops_corners,
          hellmonk_ecumenical_altar_zigzags, serial_shops,
          nicolae_shop_overgrown_old_shop, serial_bayou_ford_a, st_stairs_9
D:2:      minmay_alternating_diamond, layout_loops_ring,
          serial_co_window_serial, co_window_paths_b, co_window_paths_b,
          co_window_corner_a, co_window_cross_1, co_window_corner_a,
          co_window_of_opportunity_b, co_window_broadway_c,
          co_window_broadway_a, co_window_corner_b, co_window_corner_cb,
          glass_columns_a, glass_columns_b, glass_columns_a, glass_columns_a,
          minmay_tree_intersection, minmay_tromino_v7, uniq_natasha
D:3:      kb_forest_paths, layout_loops_ring, nicolae_overflow_ecumenical_swirl,
          serial_co_window_serial, co_window_corner_a, co_window_paths_a,
          co_window_of_opportunity_a, co_window_paths_a, co_window_cross_1,
          co_window_of_opportunity_c, co_window_broadway_c, co_window_paths_c,
          glass_columns_a, glass_columns_a, serial_shops, shop, uniq_ijyb
D:4:      layout_basic, old_standard_altar, lemuel_round_altar,
          nicolae_ossuary_entry_monument, uniq_blork_the_orc, uniq_sigmund

Skill      XL: |  1  2  3  4  5  6  7 |
---------------+----------------------+-----
Unarmed Combat | 4 5 7 |  7.0
Transmutations | 3 4 |  4.8
Spellcasting   | 3 4 |  4.0
Fighting       | |  1.0
Dodging        | |  2.0

Action                   |  1- 3 |  4- 6 |  7- 9 || total
-------------------------+-------+-------+-------++-------
Melee: Unarmed           |    53 |   121 |    67 ||   241
       Constrict         |    14 |    33 |     9 ||    56
       Tentacles         |     8 |    28 |    25 ||    61
       Punch             |     1 |     3 |     8 ||    12
       Kick              |     5 |    29 |    23 ||    57
Throw: Dart              |     1 |       |       ||     1
 Cast: Beastly Appendage |     5 |    15 |     6 ||    26
  Use: Potion            |       |       |     2 ||     2
 Stab: Sleeping          |     1 |    10 |       ||    11
Armor: Skin              |     6 |     5 |     5 ||    16
Dodge: Dodged            |    27 |    61 |    21 ||   109
